 Dungeon Crawl Stone Soup version 0.17-a0-896-g249456b (webtiles) character file.

676 xeno23 the Cudgeler (level 7, -4/72 HPs)
             Began as an Ogre Wizard on May 2, 2015.
             Killed from afar by an orc wizard (7 damage)
             ... with a magic dart
             ... on level 5 of the Dungeon.
             The game lasted 00:24:57 (5917 turns).

xeno23 the Cudgeler (Ogre Wizard)                   Turns: 5917, Time: 00:25:05

Health: -4/72      AC:  4    Str: 15    XL:     7   Next: 60%
Magic:  9/15       EV:  9    Int: 17    God:
Gold:   160        SH:  0    Dex:  8    Spells: 7 memorised, 1 level left

rFire  . . .     SeeInvis .     t - +0 flail
rCold  . . .     Clarity  .     a - +0 robe
rNeg   . . .     SustAb   .     (no shield)
rPois  .         Gourm    .     b - +0 hat
rElec  .         Spirit   .     s - +0 cloak
rCorr  .         Warding  .     (gloves unavailable)
rMut   .         Stasis   .     (boots unavailable)
MR     .....                    (no amulet)
Stlth  +.........               (no ring)
                                f - ring of wizardry

@: not resistant to hostile enchantments, very unstealthy
A: unfitting armour, tough skin 1
a: no special abilities


You were on level 5 of the Dungeon.
You were hungry.

You visited 1 branch of the dungeon, and saw 5 of its levels.

You collected 160 gold pieces.

Inventory:

Hand weapons
 t - a +0 flail (weapon)
 x - a +0 halberd
 y - a +0 giant club
Armour
 a - a +0 robe (worn)
 b - a +0 hat (worn)
 s - a +0 cloak (worn)
Jewellery
 f - a ring of wizardry (left hand)
Scrolls
 e - a scroll of noise {unknown}
 h - 2 scrolls of teleportation
 k - 3 scrolls of identify
 o - 2 scrolls of fear {unknown}
 q - 3 scrolls of remove curse {unknown}
 v - a scroll of immolation {unknown}
Potions
 i - 2 potions of might {unknown}
 l - 2 potions of heal wounds {unknown}
 n - a potion of flight {unknown}
 r - a potion of invisibility {unknown}
Books
 c - a book of Minor Magic

   Spells                             Type                      Level
   a - Magic Dart                     Conjuration                  1
   b - Blink                          Translocation                2
   c - Call Imp                       Summoning                    2
   d - Repel Missiles                 Charms/Air                   2
   e - Slow                           Hexes                        2
   f - Conjure Flame                  Conjuration/Fire             3
   g - Mephitic Cloud                 Conjuration/Poison/Air       3
 j - a book of Conjurations

   Spells                             Type                      Level
   a - Magic Dart                     Conjuration                  1
   b - Searing Ray                    Conjuration                  2
   c - Dazzling Spray                 Conjuration/Hexes            3
   d - Fulminant Prism                Conjuration/Hexes            4
   e - Iskenderun's Mystic Blast      Conjuration                  4
   f - Iskenderun's Battlesphere      Conjuration/Charms           5
 p - a book of Necromancy

   Spells                             Type                      Level
   a - Pain                           Necromancy                   1
   b - Animate Skeleton               Necromancy                   1
   c - Vampiric Draining              Necromancy                   3
   d - Regeneration                   Charms/Necromancy            3
   e - Animate Dead                   Necromancy                   4
   f - Control Undead                 Necromancy                   4
 w - a book of Enchantments

   Spells                             Type                      Level
   a - Cause Fear                     Hexes                        4
   b - Silence                        Hexes/Air                    5
   c - Deflect Missiles               Charms/Air                   6
   d - Haste                          Charms                       6
   e - Discord                        Hexes                        8
 z - a book of Envenomations

   Spells                             Type                      Level
   a - Spider Form                    Transmutation/Poison         3
   b - Alistair's Intoxication        Transmutation/Poison         4
   c - Olgreb's Toxic Radiance        Poison                       4
   d - Poisonous Cloud                Conjuration/Poison/Air       6
Comestibles
 d - 5 bread rations
 g - a slice of pizza
 m - 4 fruits
 u - 2 meat rations


   Skills:
 + Level 5.6 Fighting
 * Level 6.6 Maces & Flails
 - Level 1.7 Dodging
 - Level 1.5 Stealth
 - Level 5.7 Spellcasting
 - Level 0.6 Conjurations
 * Level 0.5 Charms
 - Level 0.6 Summonings
 - Level 0.6 Translocations


You had one spell level left.
You knew the following spells:

 Your Spells              Type           Power        Failure   Level  Hunger
a - Magic Dart            Conj           #...         4%          1    None
b - Blink                 Tloc           N/A          7%          2    #......
c - Call Imp              Summ           #.......     7%          2    #......
d - Conjure Flame         Conj/Fire      #.......     16%         3    ##.....
e - Mephitic Cloud        Conj/Pois/Air  #.......     16%         3    ##.....
r - Repel Missiles        Chrm/Air       #.....       9%          2    #......
t - Regeneration          Chrm/Necr      #.........   16%         3    ##.....


Dungeon Overview and Level Annotations

Branches:
Dungeon (5/15)
 Temple: D:4-7

Altars:
Nemelex Xobeh
Ru
Trog
Yredelemnul

Annotations:
D:3 xeno23's ghost, average OgWz


Innate Abilities, Weirdness & Mutations

You are too large for most types of armour.
You have tough skin (AC +1).


Message History

Your shadow imp hits the orc wizard.
The orc wizard gestures wildly while chanting.
The orc wizard flickers and vanishes!
Something hits your shadow imp but does no damage.
Your crimson imp hits something.
Reactivating autopickup.
You feel a bit more experienced.
Your shadow imp hits the orc.
The orc dies!
Press: ? - help, v - describe, . - travel, g - get item A morningstar.
There is something else lying underneath.
The floor.
Unknown command.
The orc wizard hits your shadow imp but does no damage.
Your shadow imp barely misses something.
Your shadow imp hits the orc wizard but does no damage.
A magic dart appears from out of thin air!
Deactivating autopickup; reactivate with Ctrl-A.
The magic dart hits you!
You die...

..# ##..#.# #.... ###
##...###..# ##..##5.#
##..).## 5 #.5o## .## .
##5)## ### #..##. ##.###
##.### #...# ##.## ##..o.##
#..####@## ##.###.O.
##...#..## ##.## ##oo
##......## ##.## #.##
###.......# ###o.# #. #
######........### ##...## ##
................####.....###
....########...............#
#.### ##....#####...#### .##
#####....## ##...#


You could see an orc wizard and 2 friendly shadow imps.

Vanquished Creatures
  An ice beast (D:5)
  A centaur (D:5)
  An ogre (D:5)
  A scorpion (D:5)
  A crimson imp (D:5)
  A hound (D:5)
  4 worker ants (D:5)
  A hound zombie (D:5)
  2 hound skeletons (D:5)
  4 adders
  4 gnolls (D:5)
  An ooze (D:5)
  3 worms
  2 orcs
  A bat zombie (D:5)
  3 giant cockroaches
  10 goblins
  13 hobgoblins
  3 jackals
  14 bats
  9 kobolds
  8 rats
88 creatures vanquished.

Vanquished Creatures (collateral kills)
  An orc wizard (D:5)
  A killer bee zombie (D:5)
  A worm (D:2)
  An orc (D:5)
  A jackal (D:2)
5 creatures vanquished.

Vanquished Creatures (others)
  A crimson imp (D:3)
  A white imp (D:3)
2 creatures vanquished.

Grand Total: 95 creatures vanquished

Notes
Turn   | Place    | Note
--------------------------------------------------------------
     0 | D:1      | xeno23, the Ogre Wizard, began the quest for the Orb.
     0 | D:1      | Reached XP level 1. HP: 16/16 MP: 5/5
    80 | D:1      | Reached skill level 1 in Fighting
   412 | D:1      | Reached XP level 2. HP: 25/28 MP: 4/6
   420 | D:1      | Learned a level 2 spell: Blink
   423 | D:1      | Learned a level 2 spell: Call Imp
   426 | D:1      | Learned a level 2 spell: Repel Missiles
   909 | D:2      | Found a basalt altar of Yredelemnul.
   910 | D:2      | Found a sparkling altar of Nemelex Xobeh.
   994 | D:2      | Reached skill level 4 in Spellcasting
  1246 | D:2      | Found a sacrificial altar of Ru.
  1305 | D:2      | Reached XP level 3. HP: 29/36 MP: 1/8
  1313 | D:2      | Learned a level 3 spell: Mephitic Cloud
  2953 | D:3      | Reached skill level 1 in Maces & Flails
  2958 | D:3      | Reached XP level 4. HP: 32/45 MP: 1/10
  3531 | D:3      | Noticed xeno23's ghost (average OgWz)
  3579 | D:4      | Noticed an ogre
  3588 | D:5      | Entered Level 5 of the Dungeon
  3792 | D:5      | Reached XP level 5. HP: 39/54 MP: 7/11
  4225 | D:5      | Found a bloodstained altar of Trog.
  4436 | D:5      | Reached skill level 5 in Spellcasting
  4436 | D:5      | Reached XP level 6. HP: 44/62 MP: 9/13
  4761 | D:5      | Reached skill level 5 in Maces & Flails
  4949 | D:5      | Learned a level 3 spell: Regeneration
  5199 | D:5      | Reached skill level 5 in Fighting
  5321 | D:5      | Noticed an ogre
  5329 | D:5      | Noticed a centaur
  5337 | D:5      | Killed a centaur
  5337 | D:5      | Reached XP level 7. HP: 15/72 MP: 8/15
  5699 | D:5      | Killed an ogre
  5699 | D:5      | Reached skill level 6 in Maces & Flails
  5707 | D:5      | Learned a level 3 spell: Conjure Flame
  5913 | D:5      | HP: 2/72 [something/puff of flame (9)]
  5917 | D:5      | Killed from afar by an orc wizard

Action                   |  1- 3 |  4- 6 |  7- 9 || total
-------------------------+-------+-------+-------++-------
Melee: Unarmed           |    25 |       |       ||    25
       Spear             |    81 |       |       ||    81
       Dagger            |    92 |       |       ||    92
       Mace              |     7 |    86 |       ||    93
       Flail             |       |   102 |    39 ||   141
 Cast: Magic Dart        |    36 |    19 |     9 ||    64
       Call Imp          |    10 |    10 |     4 ||    24
       Repel Missiles    |     1 |     1 |       ||     2
       Blink             |       |     1 |     2 ||     3
       Mephitic Cloud    |       |     5 |     2 ||     7
       Regeneration      |       |     7 |       ||     7
  Use: Scroll            |       |       |     2 ||     2
 Stab: Confused          |       |     1 |     2 ||     3
  Eat: Chunk             |     7 |     9 |     2 ||    18
